 Dungeon Crawl Stone Soup version 0.28.0 (webtiles) character file.

Game seed: 8057079368724920189

1 Snarg the Grave Robber (level 1, -1/16 HPs)
             Began as a Demigod Wanderer on Feb 15, 2022.
             Slain by a quokka (2 damage)
             ... on level 1 of the Dungeon.
             The game lasted 00:01:30 (81 turns).

Snarg the Grave Robber (Demigod Wanderer)             Turns: 81, Time: 00:01:31

Health: -1/16      AC:  2    Str: 11    XL:     1   Next: 13%
Magic:  4/4        EV: 11    Int: 16    God:
Gold:   0          SH:  0    Dex: 13    Spells: 1/2 levels left

rFire   . . .      SeeInvis .   a - +0 dagger
rCold   . . .      Faith    .   (no shield)
rNeg    . . .      Spirit   .   b - +0 robe
rPois   .          Reflect  .   (no helmet)
rElec   .          Harm     .   (no cloak)
rCorr   .          Rampage  .   (no gloves)
Will    .....                   (no boots)
Stlth   +.........              (no amulet)
HPRegen 0.05/turn               (no ring)
MPRegen 0.09/turn               (no ring)

@: no status effects
A: high MP 1, forlorn, divine attributes
a: no special abilities


You were on level 1 of the Dungeon.
You visited 1 branch of the dungeon, and saw 1 of its levels.

Inventory:

Hand Weapons
 a - a +0 dagger (weapon)
Armour
 b - a +0 robe (worn)
Scrolls
 c - a scroll of teleportation


   Skills:
 + Level 1.0 Fighting
 + Level 1.0 Spellcasting
 - Level 4.5 Necromancy
 + Level 1.7 Fire Magic
 + Level 1.1 Evocations


You had one spell level left.
You knew the following spells:

 Your Spells              Type           Power      Damage    Failure   Level
a - Foxfire               Conj/Fire      12%        2x1d4     16%         1

Your spell library contained the following spells:

 Spells                   Type           Power      Damage    Failure   Level
 Animate Skeleton         Necr           30%        N/A       3%          1
 Sublimation of Blood     Necr           15%        N/A       5%          2
 Animate Dead             Necr           7%         N/A       34%         4
 Ignite Poison            Fire/Tmut/Pois 2%         N/A       47%         3


Dungeon Overview and Level Annotations

Branches:
Dungeon (1/15)


Innate Abilities, Weirdness & Mutations

You have an increased reservoir of magic. (+10% MP)
You shall have no god before yourself.
Your divine heritage dramatically boosts your attributes as you level up.


Message History

Confirm with . or Enter, or press ? or * to list all spells.
You conjure some foxfire!
The foxfire hits the endoplasm.
The endoplasm is lightly wounded.
You hit the endoplasm but do no damage.
The endoplasm is lightly wounded.
You hit the endoplasm.
The endoplasm is heavily wounded.
The endoplasm freezes you.
You are frozen.
You hit the endoplasm.
The endoplasm is almost dead.
The endoplasm freezes you.
You are frozen.
You hit the endoplasm.
You kill the endoplasm!
You hit the quokka but do no damage. The quokka bites you.
You barely miss the quokka.
The quokka bites you but does no damage.
You miss the quokka. The quokka closely misses you.
You barely miss the quokka. The quokka closely misses you.
The quokka barely misses you.
You hit the quokka.
The quokka is heavily wounded.
The quokka closely misses you.
You hit the quokka but do no damage.
The quokka is heavily wounded.
The quokka bites you.
* * * LOW HITPOINT WARNING * * *
You barely miss the quokka.
The quokka is heavily wounded.
The quokka twitches its whiskers.
The quokka completely misses you.
You closely miss the quokka.
The quokka is heavily wounded.
The quokka bites you.
* * * LOW HITPOINT WARNING * * *
You closely miss the quokka.
The quokka is heavily wounded.
The quokka barely misses you. The quokka bites you.
You die...

######### ##r...Kr.##
##K#######.## ##
##r##.....##.## ##.
#@##.###.#.##K+
###...#≈#.##...##.#.#
....K.#(#≈#.###.#.#.#
#..rr...#.#.'<#.#.#K#
#.#.#.###.#.#.#
#.#.##.≈.##.#r#
#.'#.#####.##.#
##.##.....##.##
##.#######.##


You could see a quokka, a kobold and a rat.

Vanquished Creatures
  An endoplasm (D:1)
1 creature vanquished.

Vanquished Creatures (others)
  A foxfire (D:1)
1 creature vanquished.

Grand Total: 2 creatures vanquished

Notes
Turn   | Place    | Note
-------+----------+-------------------------------------------
     0 | D:1      | Snarg the Demigod Wanderer began the quest for the Orb.
     0 | D:1      | Snarg set off with the following items: a +0 dagger, a +0
                  | robe, a scroll of teleportation; and the following spells
                  | available to memorise: Animate Skeleton, Sublimation of
                  | Blood, Foxfire, Animate Dead, Ignite Poison
     0 | D:1      | Reached XP level 1. HP: 16/16 MP: 4/4
     2 | D:1      | Learned a level 1 spell: Foxfire
    81 | D:1      | Slain by a quokka

Illustrated notes

Levels and vault maps discovered:
D:1:      evilmike_arrival_rings, layout_loops_ring,
          shapermc_ecumenical_altar_mp_highgroup, st_stairs_1, minmay_unequal

Action                   || total
-------------------------++-------
Melee: Dagger            ||    13
 Cast: Foxfire           ||     2
Armor: Robe              ||     1
Dodge: Dodged            ||     6
